Penguins vs Blues
Created - February 25, 2019 at 20:50
Goals
|
| Penguins |
0 |
1 |
2 |
3 |
| Blues |
2 |
3 |
1 |
6 |
|
Shots
|
| Penguins |
16 |
8 |
11 |
35 |
| Blues |
8 |
12 |
7 |
27 |
|
1st period
1. Blues , Jake Gardiner 8 (Travis Zajac 18) at 10:30
2. Blues , David Perron 27 (Nicklas Backstrom 50, Yann Sauvé 12) at 11:21
Penalties :
Paul Ranger (Pit) for Goalie Interference (Minor) at 12:29, Nick Leddy (STL) for Holding (Minor) at 14:55, Logan Couture (STL) for Diving (Minor) at 15:07, Paul Ranger (Pit) for Tripping (Minor) at 18:51
2nd period
3. Blues , Nicklas Backstrom 31 (Alex Pietrangelo 53) at 0:14 (PP)
4. Blues , David Perron 28 (Alex Pietrangelo 54, Nicklas Backstrom 51) at 0:30
5. Penguins , Steven Stamkos 39 (Sean Zimmerman 22, Andrew Cogliano 34) at 1:33 (PP)
6. Blues , David Perron 29 (Kyle Okposo 17, Alex Pietrangelo 55) at 12:57 (PP)
Penalties :
Bryce Lampman (STL) for Hooking (Minor) at 0:49, Keith Aulie (Pit) for Hooking (Minor) at 12:49, Steven Stamkos (Pit) for Interference (Minor) at 13:20, Maxim Lapierre (STL) for Fighting (Major) at 18:10, Sean Zimmerman (Pit) for Fighting (Major) at 18:10
3rd period
7. Penguins , Cal Clutterbuck 9 (Martin St. Louis 12) at 11:27
8. Blues , Patrick Kaleta 10 (Travis Zajac 19, Filip Forsberg 13) at 15:14
9. Penguins , Martin St. Louis 14 (Steven Stamkos 52, Andrew Cogliano 35) at 16:27 (PP)
Penalties :
Cal Clutterbuck (Pit) for Roughing (Minor) at 0:59, Patrick Kaleta (STL) for Holding (Minor) at 9:24, Bryce Lampman (STL) for Hooking (Minor) at 16:00
Goalie Stats
Josh Tordjman (Pit), 15 saves from 17 shots - (0.882), 39:30 minutes
Jacob Markstrom (Pit), 6 saves from 10 shots - (0.600), L, 17-23-6, 20:30 minutes
Carey Price (STL), 32 saves from 35 shots - (0.914), W, 21-20-2, 60:00 minutes
Players Stats for Penguins
Player Name G A P +/- PIM S H SB GA TA FO MP PP MP PK MP
------------------------------------------------------------------------------------
Andrew Cogliano 0 2 2 -3 0 6 1 1 1 0 1/2 22:53 3:32 2:41
Cal Clutterbuck 1 0 1 1 2 1 1 0 0 0 0/0 12:54 0:00 3:12
D.J King 0 0 0 1 0 3 0 0 0 0 0/0 10:10 0:00 0:24
Dion Phaneuf 0 0 0 -2 0 2 3 2 1 0 0/0 28:00 3:32 3:53
Duncan Keith 0 0 0 0 0 0 3 3 0 0 0/0 19:35 1:49 3:35
Dustin Brown 0 0 0 -1 0 2 0 1 0 0 0/0 17:57 1:49 1:11
Eric Gryba 0 0 0 -1 0 0 1 3 0 0 0/0 13:42 0:00 0:57
Keith Aulie 0 0 0 0 2 1 2 1 0 1 0/0 21:34 1:49 3:35
Loui Eriksson 0 0 0 -1 0 2 0 0 0 0 1/3 16:46 1:49 0:00
Marcus Foligno 0 0 0 0 0 1 0 0 0 1 0/0 5:48 0:00 0:00
Martin St. Louis 1 1 2 -3 0 4 1 0 0 2 0/1 20:12 3:32 0:00
Mika Zibanejad 0 0 0 0 0 0 2 1 0 0 1/1 7:27 0:00 1:34
Pascal Dupuis 0 0 0 0 0 1 0 0 0 0 0/0 5:48 0:00 0:00
Paul Ranger 0 0 0 -1 4 1 1 1 0 0 0/0 12:32 0:00 0:00
Riley Sheahan 0 0 0 1 0 3 1 0 0 0 4/7 11:01 0:00 1:20
Sam Gagner 0 0 0 -1 0 4 2 0 1 1 6/14 17:36 1:49 0:50
Sean Zimmerman 0 1 1 -2 5 0 1 2 1 1 0/0 24:33 3:32 2:56
Steven Stamkos 1 1 2 -3 2 4 0 0 2 0 25/49 23:58 3:32 3:44
Players Stats for Blues
Player Name G A P +/- PIM S H SB GA TA FO MP PP MP PK MP
------------------------------------------------------------------------------------
Alex Pietrangelo 0 3 3 0 0 3 2 1 3 1 0/0 27:38 4:25 3:39
Brandon Yip 0 0 0 0 0 0 0 0 0 0 0/0 8:02 0:00 0:00
Bryce Lampman 0 0 0 0 4 1 1 3 0 1 0/0 27:13 3:03 2:43
Cody Ceci 0 0 0 0 0 0 1 2 0 1 0/0 11:15 0:00 0:56
David Perron 3 0 3 2 0 6 2 0 0 0 2/2 22:46 3:47 1:08
Filip Forsberg 0 1 1 1 0 0 0 0 0 0 0/0 12:14 3:41 0:51
Jake Gardiner 1 0 1 3 0 3 0 1 0 0 0/0 23:31 4:25 1:42
Kyle Okposo 0 1 1 2 0 1 2 0 0 0 0/2 21:38 3:47 0:00
Linus Omark 0 0 0 0 0 1 0 0 0 0 0/0 7:52 0:00 0:00
Logan Couture 0 0 0 -1 2 2 1 0 0 2 9/19 16:55 0:00 2:26
Maxim Lapierre 0 0 0 0 5 0 0 0 0 0 7/10 8:25 0:00 1:13
Nick Leddy 0 0 0 0 2 0 1 2 1 0 0/0 13:19 3:03 0:00
Nicklas Backstrom 1 2 3 2 0 8 0 0 1 0 17/35 22:41 3:47 0:56
Patrick Kaleta 1 0 1 1 2 1 0 0 0 0 1/2 9:45 0:00 1:58
Sergei Shirokov 0 0 0 0 0 0 1 0 0 0 1/2 17:11 3:41 0:00
Ted Purcell 0 0 0 0 0 1 1 3 1 0 0/0 13:50 0:00 0:11
Travis Zajac 0 2 2 2 0 0 3 0 0 0 2/5 11:30 3:41 0:11
Yann Sauvé 0 1 1 3 0 0 1 0 0 1 0/0 17:01 0:00 1:42
3 Stars
1 - David Perron (STL)
2 - Nicklas Backstrom (STL)
3 - Travis Zajac (STL)
Power Play
Penguins - 2 on 5 Attempt(s) - 40.00%
Blues - 2 on 5 Attempt(s) - 40.00%
Penalty Kill
Penguins - 3 on 5 Attempt(s) - 60.00%
- Score 0 goal in Penalty Kill
Blues - 3 on 5 Attempt(s) - 60.00%
- Score 0 goal in Penalty Kill
Team Stat
Penguins - Hits : 19 - Faceoff Wins : 38 - Blocked Shots : 15 - Penalty Minutes : 15
Blues - Hits : 16 - Faceoff Wins : 39 - Blocked Shots : 12 - Penalty Minutes : 15
Official
Referees : Unknown
Linesman : Unknown
Game Notes
Josh Tordjman enters game at 0:30 of 2nd period
1:33 of 2nd period - Penguins goal is going for a video replay. After video review, Goal.
David Perron has scored a Hat Trick!
Maxim Lapierre and Sean Zimmerman fight to a draw at 18:10 of 2nd period
Finance
Level 1 -- Attendance: 6000 (100.00%) -- Ticket Income $534,000
Level 2 -- Attendance: 4326 (86.52%) -- Ticket Income $246,582
Level 3 -- Attendance: 1856 (92.80%) -- Ticket Income $64,960
Level 4 -- Attendance: 3672 (91.80%) -- Ticket Income $88,128
Luxury Box -- Attendance: 828 (82.80%) -- Ticket Income $144,072
Game was played at the Scotttrade center.
Total Attendance: 16682 (92.68%)
Total Ticket Income: $1,077,742
Other Income: $161,661
Total Income: $1,239,403
Penguins
5 vs 5 Forward
Center Left Wing Right Wing Time % Phy DF OF
1 Steven Stamkos Andrew Cogliano Martin St. Louis 40 1 2 2
2 Sam Gagner Loui Eriksson Dustin Brown 30 1 2 2
3 Riley Sheahan D.J King Cal Clutterbuck 20 1 2 2
4 Mika Zibanejad Marcus Foligno Pascal Dupuis 10 1 2 2
5 vs 5 Defense
Defense Defense Time % Phy DF OF
1 Dion Phaneuf Sean Zimmerman 44 1 2 2
2 Duncan Keith Keith Aulie 33 1 2 2
3 Paul Ranger Eric Gryba 23 1 2 2
4 Dion Phaneuf Sean Zimmerman 0 1 2 2
PowerPlay Forward
Center Left Wing Right Wing Time % Phy DF OF
1 Steven Stamkos Andrew Cogliano Martin St. Louis 60 1 2 2
2 Sam Gagner Loui Eriksson Dustin Brown 40 1 2 2
PowerPlay Defense
Defense Defense Time % Phy DF OF
1 Dion Phaneuf Sean Zimmerman 60 1 2 2
2 Duncan Keith Keith Aulie 40 1 2 2
Penalty Kill 4 Players Forward
Center Wing Time % Phy DF OF
1 Steven Stamkos Cal Clutterbuck 60 1 2 2
2 Riley Sheahan Dustin Brown 40 1 2 2
Penalty Kill 4 Players Defense
Defense Defense Time % Phy DF OF
1 Dion Phaneuf Sean Zimmerman 60 1 2 2
2 Duncan Keith Keith Aulie 40 1 2 2
Penalty Kill - 3 Players Forward
Forward Time % Phy DF OF
1 Steven Stamkos 60 1 2 2
2 Riley Sheahan 40 1 2 2
Penalty Kill - 3 Players Defense
Defense Defense Time % Phy DF OF
1 Dion Phaneuf Sean Zimmerman 60 1 2 2
2 Duncan Keith Keith Aulie 40 1 2 2
4 vs 4 Forward
Center Wing Time % Phy DF OF
1 Steven Stamkos Andrew Cogliano 60 1 2 2
2 Sam Gagner Dustin Brown 40 1 2 2
4 vs 4 Defense
Defense Defense Time % Phy DF OF
1 Dion Phaneuf Sean Zimmerman 60 1 2 2
2 Duncan Keith Keith Aulie 40 1 2 2
Last Minutes Offensive
Center Left Wing Right Wing Defense Defense
Steven Stamkos Andrew Cogliano Martin St. Louis Dion Phaneuf Sean Zimmerman
Last Minutes Defensive
Center Left Wing Right Wing Defense Defense
Steven Stamkos Andrew Cogliano Dustin Brown Dion Phaneuf Sean Zimmerman
Goaltenders
Starting : Jacob Markstrom
Backup : Josh Tordjman
Extra Forwards
Normal : Steven Stamkos, Sam Gagner, Mika Zibanejad - PP : Steven Stamkos, Sam Gagner - PK : Cal Clutterbuck
Extra Defensemen
Normal : Dion Phaneuf, Keith Aulie, Eric Gryba - PP : Paul Ranger - PK : Dion Phaneuf, Eric Gryba
Penalty Shots
Steven Stamkos, Dustin Brown, Andrew Cogliano, Loui Eriksson, Mika Zibanejad
Scratches
Riley Armstrong (Healthy)
Blues
5 vs 5 Forward
Center Left Wing Right Wing Time % Phy DF OF
1 Nicklas Backstrom David Perron Kyle Okposo 40 1 2 2
2 Logan Couture Ted Purcell Sergei Shirokov 30 1 2 2
3 Travis Zajac Filip Forsberg Patrick Kaleta 20 1 2 2
4 Maxim Lapierre Linus Omark Brandon Yip 10 1 2 2
5 vs 5 Defense
Defense Defense Time % Phy DF OF
1 Alex Pietrangelo Bryce Lampman 40 1 2 2
2 Jake Gardiner Yann Sauvé 30 1 2 2
3 Nick Leddy Cody Ceci 20 1 2 2
4 Jake Gardiner Bryce Lampman 10 1 2 2
PowerPlay Forward
Center Left Wing Right Wing Time % Phy DF OF
1 Nicklas Backstrom David Perron Kyle Okposo 60 1 2 2
2 Travis Zajac Filip Forsberg Sergei Shirokov 40 1 2 2
PowerPlay Defense
Defense Defense Time % Phy DF OF
1 Alex Pietrangelo Jake Gardiner 60 1 2 2
2 Nick Leddy Bryce Lampman 40 1 2 2
Penalty Kill 4 Players Forward
Center Wing Time % Phy DF OF
1 Logan Couture Patrick Kaleta 60 1 2 2
2 Travis Zajac Ted Purcell 40 1 2 2
Penalty Kill 4 Players Defense
Defense Defense Time % Phy DF OF
1 Alex Pietrangelo Bryce Lampman 60 1 2 2
2 Jake Gardiner Yann Sauvé 40 1 2 2
Penalty Kill - 3 Players Forward
Forward Time % Phy DF OF
1 Maxim Lapierre 60 1 2 2
2 Logan Couture 40 1 2 2
Penalty Kill - 3 Players Defense
Defense Defense Time % Phy DF OF
1 Alex Pietrangelo Bryce Lampman 60 1 2 2
2 Jake Gardiner Yann Sauvé 40 1 2 2
4 vs 4 Forward
Center Wing Time % Phy DF OF
1 Nicklas Backstrom David Perron 60 1 2 2
2 Travis Zajac Kyle Okposo 40 1 2 2
4 vs 4 Defense
Defense Defense Time % Phy DF OF
1 Alex Pietrangelo Bryce Lampman 60 1 2 2
2 Jake Gardiner Yann Sauvé 40 1 2 2
Last Minutes Offensive
Center Left Wing Right Wing Defense Defense
Nicklas Backstrom David Perron Kyle Okposo Alex Pietrangelo Jake Gardiner
Last Minutes Defensive
Center Left Wing Right Wing Defense Defense
Travis Zajac Ted Purcell Patrick Kaleta Alex Pietrangelo Bryce Lampman
Goaltenders
Starting : Carey Price
Backup : Ray Emery
Extra Forwards
Normal : Logan Couture, Brandon Yip, Patrick Kaleta - PP : Logan Couture, Brandon Yip - PK : Patrick Kaleta
Extra Defensemen
Normal : Nick Leddy, Cody Ceci, Jake Gardiner - PP : Nick Leddy - PK : Cody Ceci, Jake Gardiner
Penalty Shots
David Perron, Ted Purcell, Nicklas Backstrom, Logan Couture, Linus Omark
Scratches
None
% Time on Ice - Penguins
Lines # - Real PCT - Wanted PCT - Time Play
Normal Forward
1 - 35% - 40% - 16:45
2 - 32% - 30% - 14:57
3 - 21% - 20% - 9:41
4 - 12% - 10% - 5:48
Normal Defense
1 - 44% - 44% - 20:37
2 - 30% - 33% - 14:09
3 - 26% - 23% - 12:25
4 - 0% - 0% - 0:00
PP Forward
1 - 66% - 60% - 3:32
2 - 34% - 40% - 1:49
PP Defense
1 - 66% - 60% - 3:32
2 - 34% - 40% - 1:49
PK Forward
1 - 84% - 60% - 6:17
2 - 16% - 40% - 1:11
PK Defense
1 - 52% - 60% - 3:53
2 - 48% - 40% - 3:35
PK3 Forward
1 - 0% - 60%
2 - 0% - 40%
PK3 Defense
1 - 0% - 60%
2 - 0% - 40%
44 Forward
1 - 0% - 60%
2 - 0% - 40%
44 Defense
1 - 0% - 60%
2 - 0% - 40%
Last Minute Offensive - 0:00
Last Minute Defensive - 0:00
Total
Forward - 60:00
Defense - 60:00
|
% Time on Ice - Blues
Lines # - Real PCT - Wanted PCT - Time Play
Normal Forward
1 - 38% - 40% - 18:02
2 - 29% - 30% - 13:40
3 - 16% - 20% - 7:37
4 - 17% - 10% - 7:52
Normal Defense
1 - 41% - 40% - 19:34
2 - 34% - 30% - 15:55
3 - 22% - 20% - 10:19
4 - 3% - 10% - 1:23
PP Forward
1 - 51% - 60% - 3:47
2 - 49% - 40% - 3:41
PP Defense
1 - 59% - 60% - 4:25
2 - 41% - 40% - 3:03
PK Forward
1 - 95% - 60% - 3:23
2 - 5% - 40% - 0:11
PK Defense
1 - 65% - 60% - 2:20
2 - 35% - 40% - 1:14
PK3 Forward
1 - 68% - 60% - 1:13
2 - 32% - 40% - 0:34
PK3 Defense
1 - 74% - 60% - 1:19
2 - 26% - 40% - 0:28
44 Forward
1 - 0% - 60%
2 - 0% - 40%
44 Defense
1 - 0% - 60%
2 - 0% - 40%
Last Minute Offensive - 0:00
Last Minute Defensive - 0:00
Total
Forward - 60:00
Defense - 60:00
|
Play-by-Play
1st period
0:01 of 1st period - Nicklas Backstrom wins face-off versus Steven Stamkos in neutral zone.
0:33 of 1st period - Slapshot by Logan Couture.
0:33 of 1st period - Stopped by Jacob Markstrom without a rebound.
0:34 of 1st period - Travis Zajac wins face-off versus Riley Sheahan in Penguins zone.
0:47 of 1st period - Yann Sauvé is hit by Riley Sheahan and loses puck.
1:06 of 1st period - Snap shot by Sam Gagner.
1:06 of 1st period - Stopped by Carey Price without a rebound.
1:07 of 1st period - Sam Gagner wins face-off versus Kyle Okposo in Blues zone.
1:18 of 1st period - Wrist shot by Loui Eriksson.
1:18 of 1st period - Shot Blocked by Nick Leddy.
2:31 of 1st period - Wrist shot by Loui Eriksson.
2:31 of 1st period - Deflect By Dustin Brown.
2:31 of 1st period - Shot Misses the Net.
2:31 of 1st period - Puck is out of play.
2:32 of 1st period - Logan Couture wins face-off versus Steven Stamkos in Blues zone.
3:57 of 1st period - Slapshot by Alex Pietrangelo.
3:57 of 1st period - Stopped by Jacob Markstrom with a rebound.
4:07 of 1st period - Wrist shot by D.J King.
4:07 of 1st period - Stopped by Carey Price without a rebound.
4:08 of 1st period - Riley Sheahan wins face-off versus Maxim Lapierre in Blues zone.
4:09 of 1st period - Snap shot by Cal Clutterbuck.
4:09 of 1st period - Shot Misses the Net.
4:11 of 1st period - Slapshot by Keith Aulie.
4:11 of 1st period - Stopped by Carey Price with a rebound.
4:13 of 1st period - Snap shot by D.J King.
4:13 of 1st period - Stopped by Carey Price without a rebound.
4:14 of 1st period - Riley Sheahan wins face-off versus Logan Couture in Blues zone.
4:28 of 1st period - Off-side.
4:29 of 1st period - Nicklas Backstrom wins face-off versus Steven Stamkos in neutral zone.
4:56 of 1st period - Sean Zimmerman is hit by Sergei Shirokov and loses puck.
5:15 of 1st period - Slapshot by Riley Sheahan.
5:15 of 1st period - Stopped by Carey Price with a rebound.
6:50 of 1st period - Icing by Jake Gardiner.
6:51 of 1st period - Maxim Lapierre wins face-off versus Steven Stamkos in Blues zone.
6:51 of 1st period - Maxim Lapierre is hit by Andrew Cogliano.
7:03 of 1st period - Wrist shot by Linus Omark.
7:03 of 1st period - Shot Blocked by Keith Aulie.
7:39 of 1st period - Off-side.
7:40 of 1st period - Steven Stamkos wins face-off versus Sergei Shirokov in neutral zone.
7:49 of 1st period - Snap shot by Steven Stamkos.
7:49 of 1st period - Stopped by Carey Price without a rebound.
7:50 of 1st period - Steven Stamkos wins face-off versus Logan Couture in Blues zone.
8:05 of 1st period - Snap shot by Steven Stamkos.
8:05 of 1st period - Shot Blocked by Ted Purcell.
8:07 of 1st period - Slapshot by Dion Phaneuf.
8:07 of 1st period - Stopped by Carey Price without a rebound.
8:08 of 1st period - Nicklas Backstrom wins face-off versus Riley Sheahan in Blues zone.
8:23 of 1st period - Snap shot by Nicklas Backstrom.
8:23 of 1st period - Stopped by Jacob Markstrom without a rebound.
8:24 of 1st period - Steven Stamkos wins face-off versus Travis Zajac in Penguins zone.
8:24 of 1st period - Steven Stamkos is hit by Alex Pietrangelo.
8:30 of 1st period - Slapshot by Andrew Cogliano.
8:30 of 1st period - Stopped by Carey Price with a rebound.
8:56 of 1st period - Bryce Lampman is hit by Sam Gagner and loses puck.
9:26 of 1st period - Icing by Alex Pietrangelo.
9:27 of 1st period - Steven Stamkos wins face-off versus Logan Couture in Blues zone.
9:32 of 1st period - Wrist shot by Steven Stamkos.
9:32 of 1st period - Shot Blocked by Alex Pietrangelo.
9:42 of 1st period - Wrist shot by Ted Purcell.
9:42 of 1st period - Shot Misses the Net.
9:44 of 1st period - Snap shot by Sergei Shirokov.
9:44 of 1st period - Shot Misses the Net.
9:54 of 1st period - Slapshot by Alex Pietrangelo.
9:54 of 1st period - Deflect By Logan Couture.
9:54 of 1st period - Shot Misses the Net.
9:54 of 1st period - Puck is out of play.
9:55 of 1st period - Nicklas Backstrom wins face-off versus Sam Gagner in Penguins zone.
9:58 of 1st period - Snap shot by Nicklas Backstrom.
9:58 of 1st period - Shot Misses the Net.
10:00 of 1st period - Snap shot by Kyle Okposo.
10:00 of 1st period - Shot Misses the Net.
10:02 of 1st period - Snap shot by Jake Gardiner.
10:02 of 1st period - Shot Blocked by Eric Gryba.
10:06 of 1st period - Slapshot by Nicklas Backstrom.
10:06 of 1st period - Stopped by Jacob Markstrom without a rebound.
10:07 of 1st period - Steven Stamkos wins face-off versus Nicklas Backstrom in Penguins zone.
10:18 of 1st period - Backhand shot by Andrew Cogliano.
10:18 of 1st period - Deflect By Steven Stamkos.
10:18 of 1st period - Stopped by Carey Price with a rebound.
10:20 of 1st period - Wrist shot by Andrew Cogliano.
10:20 of 1st period - Stopped by Carey Price with a rebound.
10:22 of 1st period - Slapshot by Dion Phaneuf.
10:22 of 1st period - Stopped by Carey Price without a rebound.
10:23 of 1st period - Travis Zajac wins face-off versus Sam Gagner in Blues zone.
10:30 of 1st period - Backhand shot by Jake Gardiner.
10:30 of 1st period - Deflect By Dustin Brown.
10:30 of 1st period - Goal by Jake Gardiner - Penguins : 0 - Blues : 1.
10:31 of 1st period - Nicklas Backstrom wins face-off versus Steven Stamkos in neutral zone.
10:40 of 1st period - Snap shot by Nicklas Backstrom.
10:40 of 1st period - Stopped by Jacob Markstrom without a rebound.
10:41 of 1st period - Nicklas Backstrom wins face-off versus Steven Stamkos in Penguins zone.
11:04 of 1st period - Kyle Okposo is hit by Dion Phaneuf and loses puck.
11:17 of 1st period - Slapshot by David Perron.
11:17 of 1st period - Shot Misses the Net.
11:19 of 1st period - Wrist shot by Nicklas Backstrom.
11:19 of 1st period - Stopped by Jacob Markstrom with a rebound.
11:21 of 1st period - Backhand shot by David Perron.
11:21 of 1st period - Goal by David Perron - Penguins : 0 - Blues : 2.
11:22 of 1st period - Sam Gagner wins face-off versus Travis Zajac in neutral zone.
12:16 of 1st period - Andrew Cogliano is hit by Cody Ceci and loses puck.
12:29 of 1st period - Minor Penalty to Paul Ranger for Goalie Interference.
12:30 of 1st period - Steven Stamkos wins face-off versus Nicklas Backstrom in Penguins zone.
14:04 of 1st period - Alex Pietrangelo is hit by Dion Phaneuf.
14:29 of 1st period - Penalty to Paul Ranger is over, Paul Ranger is back on ice.
14:50 of 1st period - Snap shot by Sean Zimmerman.
14:50 of 1st period - Shot Misses the Net.
14:52 of 1st period - Snap shot by Marcus Foligno.
14:52 of 1st period - Deflect By Mika Zibanejad.
14:52 of 1st period - Shot Blocked by Cody Ceci.
14:52 of 1st period - Puck is out of play.
14:53 of 1st period - Maxim Lapierre wins face-off versus Sam Gagner in Blues zone.
14:55 of 1st period - Minor Penalty to Nick Leddy for Holding.
14:56 of 1st period - Steven Stamkos wins face-off versus Logan Couture in Blues zone.
14:58 of 1st period - Snap shot by Andrew Cogliano.
14:58 of 1st period - Shot Misses the Net.
15:00 of 1st period - Wrist shot by Martin St. Louis.
15:00 of 1st period - Stopped by Carey Price with a rebound.
15:02 of 1st period - Wrist shot by Andrew Cogliano.
15:02 of 1st period - Stopped by Carey Price without a rebound.
15:03 of 1st period - Steven Stamkos wins face-off versus Logan Couture in Blues zone.
15:04 of 1st period - Snap shot by Andrew Cogliano.
15:04 of 1st period - Stopped by Carey Price without a rebound.
15:05 of 1st period - Logan Couture wins face-off versus Steven Stamkos in Blues zone.
15:07 of 1st period - Minor Penalty to Logan Couture for Diving.
15:08 of 1st period - Maxim Lapierre wins face-off versus Steven Stamkos in Blues zone.
15:30 of 1st period - Icing by Steven Stamkos.
15:31 of 1st period - Maxim Lapierre wins face-off versus Steven Stamkos in Penguins zone.
15:54 of 1st period - Snap shot by Sam Gagner.
15:54 of 1st period - Stopped by Carey Price without a rebound.
15:55 of 1st period - Patrick Kaleta wins face-off versus Loui Eriksson in Blues zone.
16:22 of 1st period - Wrist shot by Sam Gagner.
16:22 of 1st period - Stopped by Carey Price without a rebound.
16:23 of 1st period - Steven Stamkos wins face-off versus Patrick Kaleta in Blues zone.
16:55 of 1st period - Penalty to Nick Leddy is over, Nick Leddy is back on ice.
17:07 of 1st period - Penalty to Logan Couture is over, Logan Couture is back on ice.
17:54 of 1st period - Snap shot by Duncan Keith.
17:54 of 1st period - Deflect By Loui Eriksson.
17:54 of 1st period - Shot Blocked by Nick Leddy.
17:54 of 1st period - Puck is out of play.
17:55 of 1st period - Maxim Lapierre wins face-off versus Sam Gagner in Blues zone.
18:04 of 1st period - Off-side.
18:05 of 1st period - Logan Couture wins face-off versus Steven Stamkos in neutral zone.
18:08 of 1st period - Paul Ranger is hit by Ted Purcell and loses puck.
18:15 of 1st period - Wrist shot by Alex Pietrangelo.
18:15 of 1st period - Shot Blocked by Eric Gryba.
18:17 of 1st period - Slapshot by Alex Pietrangelo.
18:17 of 1st period - Shot Blocked by Paul Ranger.
18:19 of 1st period - Snap shot by Sergei Shirokov.
18:19 of 1st period - Shot Misses the Net.
18:21 of 1st period - Slapshot by Bryce Lampman.
18:21 of 1st period - Shot Blocked by Eric Gryba.
18:43 of 1st period - Slapshot by Sam Gagner.
18:43 of 1st period - Shot Blocked by Bryce Lampman.
18:51 of 1st period - Minor Penalty to Paul Ranger for Tripping.
18:52 of 1st period - Steven Stamkos wins face-off versus Nicklas Backstrom in Penguins zone.
18:52 of 1st period - Steven Stamkos is hit by Kyle Okposo.
19:18 of 1st period - Steven Stamkos is hit by Travis Zajac and loses puck.
19:33 of 1st period - Keith Aulie is hit by Bryce Lampman and loses puck.
19:44 of 1st period - Keith Aulie is hit by Travis Zajac and loses puck.
19:57 of 1st period - Snap shot by Travis Zajac.
19:57 of 1st period - Shot Misses the Net.
Goals for this period are 0 for Penguins vs 2 for Blues.
Shots for this period are 16 for Penguins vs 8 for Blues.
2nd period
0:01 of 2nd period - Steven Stamkos wins face-off versus Nicklas Backstrom in neutral zone.
0:12 of 2nd period - Snap shot by Nicklas Backstrom.
0:12 of 2nd period - Shot Misses the Net.
0:14 of 2nd period - Snap shot by Nicklas Backstrom.
0:14 of 2nd period - Goal by Nicklas Backstrom - Penguins : 0 - Blues : 3.
0:15 of 2nd period - David Perron wins face-off versus Steven Stamkos in neutral zone.
0:20 of 2nd period - Wrist shot by David Perron.
0:20 of 2nd period - Shot Hit the Post.
0:30 of 2nd period - Snap shot by David Perron.
0:30 of 2nd period - Goal by David Perron - Penguins : 0 - Blues : 4.
0:30 of 2nd period - Josh Tordjman enters game.
0:31 of 2nd period - Logan Couture wins face-off versus Steven Stamkos in neutral zone.
0:36 of 2nd period - Slapshot by Alex Pietrangelo.
0:36 of 2nd period - Shot Misses the Net.
0:49 of 2nd period - Minor Penalty to Bryce Lampman for Hooking.
0:50 of 2nd period - Logan Couture wins face-off versus Steven Stamkos in Blues zone.
1:27 of 2nd period - Slapshot by Steven Stamkos.
1:27 of 2nd period - Shot Misses the Net.
1:29 of 2nd period - Snap shot by Steven Stamkos.
1:29 of 2nd period - Shot Misses the Net.
1:31 of 2nd period - Snap shot by Andrew Cogliano.
1:31 of 2nd period - Shot Misses the Net.
1:33 of 2nd period - Slapshot by Sean Zimmerman.
1:33 of 2nd period - Deflect By Steven Stamkos.
1:33 of 2nd period - Penguins goal is going for a video replay.
1:33 of 2nd period - The goal is good.
1:33 of 2nd period - Goal by Steven Stamkos - Penguins : 1 - Blues : 4.
1:34 of 2nd period - Nicklas Backstrom wins face-off versus Sam Gagner in neutral zone.
3:15 of 2nd period - Nicklas Backstrom is hit by Sean Zimmerman and loses puck.
3:52 of 2nd period - Patrick Kaleta is hit by Duncan Keith and loses puck.
4:37 of 2nd period - Off-side.
4:38 of 2nd period - Nicklas Backstrom wins face-off versus Sam Gagner in neutral zone.
5:23 of 2nd period - Icing by Eric Gryba.
5:24 of 2nd period - Steven Stamkos wins face-off versus Travis Zajac in Penguins zone.
5:24 of 2nd period - Steven Stamkos is hit by Travis Zajac.
6:20 of 2nd period - Slapshot by Andrew Cogliano.
6:20 of 2nd period - Deflect By Steven Stamkos.
6:20 of 2nd period - Shot Misses the Net.
6:20 of 2nd period - Puck is out of play.
6:21 of 2nd period - Logan Couture wins face-off versus Steven Stamkos in Blues zone.
6:50 of 2nd period - Snap shot by David Perron.
6:50 of 2nd period - Shot Blocked by Dustin Brown.
6:52 of 2nd period - Slapshot by Bryce Lampman.
6:52 of 2nd period - Stopped by Josh Tordjman without a rebound.
6:53 of 2nd period - Nicklas Backstrom wins face-off versus Loui Eriksson in Penguins zone.
7:02 of 2nd period - Wrist shot by Nicklas Backstrom.
7:02 of 2nd period - Stopped by Josh Tordjman without a rebound.
7:03 of 2nd period - Sam Gagner wins face-off versus Nicklas Backstrom in Penguins zone.
7:03 of 2nd period - Sam Gagner is hit by David Perron.
7:09 of 2nd period - Slapshot by Sam Gagner.
7:09 of 2nd period - Deflect By Jake Gardiner.
7:09 of 2nd period - Shot Misses the Net.
7:09 of 2nd period - Puck is out of play.
7:10 of 2nd period - Steven Stamkos wins face-off versus Nicklas Backstrom in Blues zone.
7:41 of 2nd period - Wrist shot by Riley Sheahan.
7:41 of 2nd period - Stopped by Carey Price with a rebound.
7:52 of 2nd period - Wrist shot by Nicklas Backstrom.
7:52 of 2nd period - Shot Misses the Net.
7:54 of 2nd period - Snap shot by Bryce Lampman.
7:54 of 2nd period - Shot Blocked by Duncan Keith.
7:56 of 2nd period - Slapshot by Kyle Okposo.
7:56 of 2nd period - Shot Blocked by Duncan Keith.
7:58 of 2nd period - Slapshot by Alex Pietrangelo.
7:58 of 2nd period - Deflect By Nicklas Backstrom.
7:58 of 2nd period - Stopped by Josh Tordjman with a rebound.
8:00 of 2nd period - Slapshot by David Perron.
8:00 of 2nd period - Stopped by Josh Tordjman without a rebound.
8:01 of 2nd period - Andrew Cogliano wins face-off versus Logan Couture in Penguins zone.
8:01 of 2nd period - Andrew Cogliano is hit by Yann Sauvé.
9:04 of 2nd period - Snap shot by Pascal Dupuis.
9:04 of 2nd period - Stopped by Carey Price without a rebound.
9:05 of 2nd period - Steven Stamkos wins face-off versus Nicklas Backstrom in Blues zone.
9:22 of 2nd period - Snap shot by Martin St. Louis.
9:22 of 2nd period - Shot Blocked by Bryce Lampman.
9:32 of 2nd period - Wrist shot by Dustin Brown.
9:32 of 2nd period - Stopped by Carey Price with a rebound.
9:34 of 2nd period - Snap shot by Eric Gryba.
9:34 of 2nd period - Deflect By Sam Gagner.
9:34 of 2nd period - Shot Misses the Net.
9:34 of 2nd period - Puck is out of play.
9:35 of 2nd period - Sam Gagner wins face-off versus Logan Couture in Blues zone.
9:36 of 2nd period - Snap shot by Loui Eriksson.
9:36 of 2nd period - Stopped by Carey Price with a rebound.
9:59 of 2nd period - Jake Gardiner is hit by Eric Gryba and loses puck.
11:04 of 2nd period - Snap shot by Ted Purcell.
11:04 of 2nd period - Stopped by Josh Tordjman without a rebound.
11:05 of 2nd period - David Perron wins face-off versus Steven Stamkos in Penguins zone.
11:06 of 2nd period - Snap shot by Nicklas Backstrom.
11:06 of 2nd period - Shot Misses the Net.
12:02 of 2nd period - Slapshot by Maxim Lapierre.
12:02 of 2nd period - Deflect By Brandon Yip.
12:02 of 2nd period - Shot Misses the Net.
12:02 of 2nd period - Puck is out of play.
12:03 of 2nd period - Nicklas Backstrom wins face-off versus Steven Stamkos in Penguins zone.
12:04 of 2nd period - Backhand shot by Kyle Okposo.
12:04 of 2nd period - Shot Blocked by Andrew Cogliano.
12:20 of 2nd period - Kyle Okposo is hit by Keith Aulie and loses puck.
12:49 of 2nd period - Minor Penalty to Keith Aulie for Hooking.
12:50 of 2nd period - Nicklas Backstrom wins face-off versus Steven Stamkos in Penguins zone.
12:51 of 2nd period - Slapshot by Alex Pietrangelo.
12:51 of 2nd period - Shot Misses the Net.
12:53 of 2nd period - Wrist shot by David Perron.
12:53 of 2nd period - Shot Blocked by Sean Zimmerman.
12:55 of 2nd period - Snap shot by Kyle Okposo.
12:55 of 2nd period - Stopped by Josh Tordjman with a rebound.
12:57 of 2nd period - Snap shot by David Perron.
12:57 of 2nd period - Goal by David Perron - Penguins : 1 - Blues : 5.
12:58 of 2nd period - Steven Stamkos wins face-off versus Nicklas Backstrom in neutral zone.
12:58 of 2nd period - Steven Stamkos is hit by David Perron.
13:20 of 2nd period - Minor Penalty to Steven Stamkos for Interference.
13:21 of 2nd period - Mika Zibanejad wins face-off versus Nicklas Backstrom in Penguins zone.
13:36 of 2nd period - Wrist shot by David Perron.
13:36 of 2nd period - Shot Misses the Net.
13:38 of 2nd period - Slapshot by Alex Pietrangelo.
13:38 of 2nd period - Shot Blocked by Mika Zibanejad.
15:20 of 2nd period - Penalty to Steven Stamkos is over, Steven Stamkos is back on ice.
15:31 of 2nd period - Nick Leddy is hit by Martin St. Louis and loses puck.
16:26 of 2nd period - Snap shot by Keith Aulie.
16:26 of 2nd period - Deflect By Martin St. Louis.
16:26 of 2nd period - Stopped by Carey Price without a rebound.
16:27 of 2nd period - Maxim Lapierre wins face-off versus Steven Stamkos in Blues zone.
16:46 of 2nd period - Duncan Keith is hit by Kyle Okposo and loses puck.
16:55 of 2nd period - Snap shot by David Perron.
16:55 of 2nd period - Stopped by Josh Tordjman with a rebound.
16:57 of 2nd period - Snap shot by David Perron.
16:57 of 2nd period - Stopped by Josh Tordjman without a rebound.
16:58 of 2nd period - Loui Eriksson wins face-off versus Logan Couture in Penguins zone.
17:09 of 2nd period - Wrist shot by Loui Eriksson.
17:09 of 2nd period - Stopped by Carey Price without a rebound.
17:10 of 2nd period - Steven Stamkos wins face-off versus Nicklas Backstrom in Blues zone.
17:11 of 2nd period - Slapshot by Andrew Cogliano.
17:11 of 2nd period - Stopped by Carey Price without a rebound.
17:12 of 2nd period - Nicklas Backstrom wins face-off versus Steven Stamkos in Blues zone.
18:09 of 2nd period - Slapshot by Linus Omark.
18:09 of 2nd period - Stopped by Josh Tordjman without a rebound.
18:10 of 2nd period - Maxim Lapierre wins face-off versus Riley Sheahan in Penguins zone.
18:10 of 2nd period - Maxim Lapierre and Sean Zimmerman fight to a draw.
18:10 of 2nd period - Penalty to Maxim Lapierre for Fighting.
18:10 of 2nd period - Penalty to Sean Zimmerman for Fighting.
18:11 of 2nd period - Steven Stamkos wins face-off versus Nicklas Backstrom in Penguins zone.
18:24 of 2nd period - Off-side.
18:25 of 2nd period - Nicklas Backstrom wins face-off versus Steven Stamkos in neutral zone.
Goals for this period are 1 for Penguins vs 3 for Blues.
Shots for this period are 8 for Penguins vs 12 for Blues.
3rd period
0:01 of 3rd period - Steven Stamkos wins face-off versus Nicklas Backstrom in neutral zone.
0:12 of 3rd period - Slapshot by Steven Stamkos.
0:12 of 3rd period - Stopped by Carey Price without a rebound.
0:13 of 3rd period - Nicklas Backstrom wins face-off versus Andrew Cogliano in Blues zone.
0:40 of 3rd period - Sergei Shirokov is hit by Cal Clutterbuck and loses puck.
0:51 of 3rd period - Wrist shot by Riley Sheahan.
0:51 of 3rd period - Stopped by Carey Price with a rebound.
0:59 of 3rd period - Minor Penalty to Cal Clutterbuck for Roughing.
1:00 of 3rd period - Steven Stamkos wins face-off versus Nicklas Backstrom in Penguins zone.
1:35 of 3rd period - Duncan Keith is hit by Alex Pietrangelo and loses puck.
1:44 of 3rd period - Alex Pietrangelo is hit by Keith Aulie and loses puck.
2:01 of 3rd period - Snap shot by David Perron.
2:01 of 3rd period - Shot Blocked by Duncan Keith.
2:53 of 3rd period - Travis Zajac is hit by Mika Zibanejad and loses puck.
2:59 of 3rd period - Penalty to Cal Clutterbuck is over, Cal Clutterbuck is back on ice.
3:08 of 3rd period - Linus Omark is hit by Paul Ranger and loses puck.
3:39 of 3rd period - Slapshot by Alex Pietrangelo.
3:39 of 3rd period - Stopped by Josh Tordjman with a rebound.
3:49 of 3rd period - Patrick Kaleta is hit by Mika Zibanejad.
4:21 of 3rd period - Slapshot by Sam Gagner.
4:21 of 3rd period - Shot Misses the Net.
4:25 of 3rd period - Wrist shot by Marcus Foligno.
4:25 of 3rd period - Stopped by Carey Price with a rebound.
4:27 of 3rd period - Slapshot by Keith Aulie.
4:27 of 3rd period - Shot Blocked by Cody Ceci.
5:20 of 3rd period - Off-side.
5:21 of 3rd period - Riley Sheahan wins face-off versus Maxim Lapierre in neutral zone.
5:24 of 3rd period - Maxim Lapierre is hit by Duncan Keith and loses puck.
6:31 of 3rd period - Slapshot by Jake Gardiner.
6:31 of 3rd period - Stopped by Josh Tordjman with a rebound.
6:49 of 3rd period - Slapshot by Jake Gardiner.
6:49 of 3rd period - Stopped by Josh Tordjman with a rebound.
7:18 of 3rd period - Icing by Paul Ranger.
7:19 of 3rd period - Riley Sheahan wins face-off versus Maxim Lapierre in Penguins zone.
8:03 of 3rd period - Slapshot by D.J King.
8:03 of 3rd period - Stopped by Carey Price with a rebound.
8:05 of 3rd period - Slapshot by Paul Ranger.
8:05 of 3rd period - Deflect By Maxim Lapierre.
8:05 of 3rd period - Stopped by Carey Price without a rebound.
8:06 of 3rd period - Nicklas Backstrom wins face-off versus Steven Stamkos in Blues zone.
8:17 of 3rd period - Wrist shot by Nicklas Backstrom.
8:17 of 3rd period - Shot Blocked by Dion Phaneuf.
8:19 of 3rd period - Slapshot by Nicklas Backstrom.
8:19 of 3rd period - Stopped by Josh Tordjman without a rebound.
8:20 of 3rd period - Nicklas Backstrom wins face-off versus Steven Stamkos in Penguins zone.
8:55 of 3rd period - Snap shot by Sam Gagner.
8:55 of 3rd period - Shot Blocked by Jake Gardiner.
8:57 of 3rd period - Slapshot by Dustin Brown.
8:57 of 3rd period - Shot Misses the Net.
8:59 of 3rd period - Wrist shot by Sam Gagner.
8:59 of 3rd period - Shot Misses the Net.
9:24 of 3rd period - Minor Penalty to Patrick Kaleta for Holding.
9:25 of 3rd period - Logan Couture wins face-off versus Steven Stamkos in Blues zone.
10:27 of 3rd period - Icing by Sam Gagner.
10:28 of 3rd period - Nicklas Backstrom wins face-off versus Sam Gagner in Penguins zone.
11:24 of 3rd period - Penalty to Patrick Kaleta is over, Patrick Kaleta is back on ice.
11:27 of 3rd period - Snap shot by Cal Clutterbuck.
11:27 of 3rd period - Goal by Cal Clutterbuck - Penguins : 2 - Blues : 5.
11:28 of 3rd period - Steven Stamkos wins face-off versus Nicklas Backstrom in neutral zone.
12:10 of 3rd period - Alex Pietrangelo is hit by Sam Gagner and loses puck.
12:21 of 3rd period - Wrist shot by D.J King.
12:21 of 3rd period - Shot Blocked by Ted Purcell.
13:49 of 3rd period - Sam Gagner is hit by Nick Leddy and loses puck.
14:35 of 3rd period - Andrew Cogliano is hit by Logan Couture and loses puck.
14:58 of 3rd period - Slapshot by Andrew Cogliano.
14:58 of 3rd period - Stopped by Carey Price with a rebound.
15:14 of 3rd period - Slapshot by Travis Zajac.
15:14 of 3rd period - Deflect By Patrick Kaleta.
15:14 of 3rd period - Goal by Patrick Kaleta - Penguins : 2 - Blues : 6.
15:15 of 3rd period - Sam Gagner wins face-off versus Nicklas Backstrom in neutral zone.
15:28 of 3rd period - Slapshot by Sam Gagner.
15:28 of 3rd period - Shot Misses the Net.
16:00 of 3rd period - Minor Penalty to Bryce Lampman for Hooking.
16:01 of 3rd period - Logan Couture wins face-off versus Steven Stamkos in Blues zone.
16:01 of 3rd period - Logan Couture is hit by Dion Phaneuf.
16:13 of 3rd period - Snap shot by Steven Stamkos.
16:13 of 3rd period - Deflect By Martin St. Louis.
16:13 of 3rd period - Stopped by Carey Price with a rebound.
16:15 of 3rd period - Slapshot by Sean Zimmerman.
16:15 of 3rd period - Deflect By Steven Stamkos.
16:15 of 3rd period - Shot Misses the Net.
16:15 of 3rd period - Puck is out of play.
16:16 of 3rd period - Steven Stamkos wins face-off versus Logan Couture in Blues zone.
16:27 of 3rd period - Slapshot by Martin St. Louis.
16:27 of 3rd period - Goal by Martin St. Louis - Penguins : 3 - Blues : 6.
16:28 of 3rd period - Steven Stamkos wins face-off versus Nicklas Backstrom in neutral zone.
16:35 of 3rd period - Snap shot by Steven Stamkos.
16:35 of 3rd period - Shot Misses the Net.
17:01 of 3rd period - Wrist shot by Dustin Brown.
17:01 of 3rd period - Deflect By Sam Gagner.
17:01 of 3rd period - Shot Blocked by Bryce Lampman.
17:01 of 3rd period - Puck is out of play.
17:02 of 3rd period - Sergei Shirokov wins face-off versus Sam Gagner in Blues zone.
17:02 of 3rd period - Sergei Shirokov is hit by Duncan Keith.
17:22 of 3rd period - Snap shot by Dustin Brown.
17:22 of 3rd period - Shot Misses the Net.
17:24 of 3rd period - Snap shot by Dustin Brown.
17:24 of 3rd period - Stopped by Carey Price with a rebound.
17:32 of 3rd period - Slapshot by Yann Sauvé.
17:32 of 3rd period - Deflect By Logan Couture.
17:32 of 3rd period - Stopped by Josh Tordjman without a rebound.
17:33 of 3rd period - Steven Stamkos wins face-off versus Kyle Okposo in Penguins zone.
18:01 of 3rd period - Wrist shot by David Perron.
18:01 of 3rd period - Shot Misses the Net.
18:03 of 3rd period - Snap shot by Alex Pietrangelo.
18:03 of 3rd period - Shot Blocked by Dion Phaneuf.
18:11 of 3rd period - Slapshot by Alex Pietrangelo.
18:11 of 3rd period - Shot Blocked by Sean Zimmerman.
18:13 of 3rd period - Slapshot by Alex Pietrangelo.
18:13 of 3rd period - Stopped by Josh Tordjman with a rebound.
18:25 of 3rd period - Slapshot by Sean Zimmerman.
18:25 of 3rd period - Shot Blocked by Ted Purcell.
18:27 of 3rd period - Slapshot by Dion Phaneuf.
18:27 of 3rd period - Shot Hit the Post.
18:29 of 3rd period - Snap shot by Sam Gagner.
18:29 of 3rd period - Stopped by Carey Price without a rebound.
18:30 of 3rd period - Sam Gagner wins face-off versus Nicklas Backstrom in Blues zone.
18:31 of 3rd period - Snap shot by Dustin Brown.
18:31 of 3rd period - Shot Misses the Net.
19:03 of 3rd period - Wrist shot by Sam Gagner.
19:03 of 3rd period - Deflect By Dustin Brown.
19:03 of 3rd period - Shot Misses the Net.
19:03 of 3rd period - Puck is out of play.
19:04 of 3rd period - Logan Couture wins face-off versus Martin St. Louis in Blues zone.
19:16 of 3rd period - Icing by Alex Pietrangelo.
19:17 of 3rd period - Steven Stamkos wins face-off versus Logan Couture in Blues zone.
19:49 of 3rd period - Off-side.
19:50 of 3rd period - Steven Stamkos wins face-off versus Nicklas Backstrom in neutral zone.
Goals for this period are 2 for Penguins vs 1 for Blues.
Shots for this period are 11 for Penguins vs 7 for Blues.
Back to the Top